 Dungeon Crawl Stone Soup version 0.29.0-13-gc9e81de378 (webtiles) character file.

Game seed: 17443333757636698964

109 sleeves the Sneak (level 4, -1/27 HPs)
             Began as an Octopode Hedge Wizard on Sept 9, 2022.
             Slain by a scorpion (5 damage)
             ... on level 3 of the Dungeon.
             The game lasted 00:04:20 (3603 turns).

sleeves the Sneak (Octopode Hedge Wizard)           Turns: 3603, Time: 00:04:21

Health: -1/27      AC:  1    Str:  9    XL:     4   Next: 90%
Magic:  1/8        EV: 13    Int: 18    God:
Gold:   135        SH:  0    Dex: 11    Spells: 6/9 levels left

rFire   . . .      SeeInvis .   a - +1 dagger (flame)
rCold   . . .      Faith    .   (no shield)
rNeg    . . .      Spirit   .   b - +0 hat
rPois   .          Reflect  .   (no amulet)
rElec   .          Harm     .   (no ring)
rCorr   .          Rampage  .   (no ring)
Will    .....                   (no ring)
Stlth   ++++......              (no ring)
HPRegen 0.09/turn               (no ring)
MPRegen 0.11/turn               (no ring)
                                (no ring)
                                (no ring)

@: lethally poisoned (-1 -> -8), on blink cooldown, hasted, very quick
A: almost no armour, amphibious, 8 rings, camouflage 1, gelatinous body 1,
(nimble swimmer 1), tentacles
a: no special abilities


You were on level 3 of the Dungeon.
You visited 1 branch of the dungeon, and saw 3 of its levels.

You collected 135 gold pieces.

Inventory:

Hand Weapons
 a - a +1 dagger of flaming (weapon)
   (You took it off a goblin on level 2 of the Dungeon)
Armour
 b - a +0 hat (worn)
Jewellery
 k - an amulet of reflection
   (You found it on level 3 of the Dungeon)
Scrolls
 d - 3 scrolls of identify {unknown}
 f - 2 scrolls of teleportation {unknown}
 h - a scroll of enchant armour {unknown}
 l - a scroll of poison {unknown}
Potions
 c - 2 potions of magic
 e - a potion of haste
 g - a potion of heal wounds {unknown}
 i - a potion of curing {unknown}
 j - a potion of mutation {unknown}
 m - a potion of degeneration {unknown}


   Skills:
 - Level 2.0 Dodging
 + Level 5.2 Stealth
 - Level 3.0 Spellcasting
 + Level 3.2 Conjurations
 - Level 1.0 Summonings
 - Level 1.0 Translocations


You had 6 spell levels left.
You knew the following spells:

 Your Spells              Type           Power      Damage    Failure   Level
a - Magic Dart            Conj           56%        1d5       4%          1
b - Blink                 Tloc           12%        N/A       16%         2

Your spell library contained the following spells:

 Spells                   Type           Power      Damage    Failure   Level
 Slow                     Hex            8%         N/A       16%         1
 Call Imp                 Summ           6%         N/A       16%         2
 Conjure Flame            Conj/Fire      8%         6-21      26%         3
 Mephitic Cloud           Conj/Pois/Air  6%         N/A       32%         3
 Conjure Ball Lightning   Conj/Air       4%         3x3d6     100%        6
 Discord                  Hex            1%         N/A       100%        8
 Disjunction              Tloc           3%         N/A       100%        8


Dungeon Overview and Level Annotations

Branches:
Dungeon (3/15)

Altars:
Vehumet
The Shining One

Shops:
D:1 (

Annotations:
D:3 3 runed translucent doors, turdburglar's ghost, amateur DjIE


Innate Abilities, Weirdness & Mutations

You cannot wear most types of armour.
You are amphibious.
You can wear up to eight rings at the same time.
Your skin changes colour to match your surroundings (Stealth+).
Your rubbery body absorbs attacks. (AC +1, EV +1)
((You are camouflaged when in or above water. (Stealth+)))
You have tentacles for arms and can constrict up to eight enemies at once.


Message History

If you return without finding the Orb of Zot, so far below, it's all over!
Press ? for a list of commands and other information.
Found a staircase leading out of the dungeon.
Okay, then.
You open the door.
There is an open door here.
You open the door.
There is an open door here.
You open the door.
There is an open door here.
You now have 10 gold pieces.
You open the door.
There is an open door here.
A hobgoblin comes into view.
A hobgoblin is nearby!
A hobgoblin is nearby!
The magic dart hits the hobgoblin.
The hobgoblin is moderately wounded.
The hobgoblin shouts!
The magic dart hits the hobgoblin.
The hobgoblin is severely wounded.
You can't see any susceptible monsters within range! (Use Z to cast anyway.)
The magic dart hits the hobgoblin.
You kill the hobgoblin!
Magic restored.
You open the door.
There is an open door here.
You open the door.
There is an open door here.
You open the door.
There is an open door here.
You open the door.
There is an open door here.
You open the door.
There is an open door here.
You open the door.
There is an open door here.
You open the door.
There is an open door here.
You open the door.
There is an open door here.
An endoplasm comes into view.
An endoplasm is nearby!
The magic dart hits the endoplasm.
The endoplasm is moderately wounded.
The endoplasm quivers.
You miscast Magic Dart.
You are very lightly contaminated with residual magic.
Nothing appears to happen.
The magic dart hits the endoplasm.
You kill the endoplasm!
You can't see any susceptible monsters within range! (Use Z to cast anyway.)
Your magical contamination has completely faded away.
A quokka and a dart slug come into view.
Found 11 gold pieces.
There are monsters nearby!
You miscast Magic Dart.
You are very lightly contaminated with residual magic.
Nothing appears to happen.
The dart slug launches a dart at you. The slug dart misses you.
Your magical contamination has completely faded away.
The magic dart hits the quokka but does no damage.
The magic dart hits the quokka.
The quokka is lightly wounded.
The magic dart hits the quokka.
The quokka is severely wounded.
You miscast Magic Dart.
You are very lightly contaminated with residual magic.
Nothing appears to happen.
* * * LOW MAGIC WARNING * * *
You hit the quokka but do no damage. You grab the quokka.
You squeeze the quokka.
You kill the quokka!
Your Stealth skill increases to level 3!
A dart slug is nearby!
A dart slug is nearby!
A dart slug is nearby!
Your magical contamination has completely faded away.
You start resting.
Magic restored.
You now have 21 gold pieces (gained 11).
Found a stone staircase leading down.
A kobold and a quokka come into view.
The kobold shouts!
The magic dart hits the quokka but does no damage.
The magic dart hits the quokka.
The quokka is lightly wounded.
The magic dart hits the quokka.
The quokka is severely wounded.
The quokka misses you. x2
You barely miss the quokka. You grab the quokka.
The quokka is severely wounded.
You constrict the quokka. The quokka bites you.
You hit the quokka.
You kill the quokka!
You hit the kobold but do no damage. You grab the kobold.
You constrict the kobold, but do no damage.
The kobold hits you with a +0 short sword.
You are too injured to fight recklessly!
You are too injured to fight recklessly!
You are too injured to fight recklessly!
Casting: Magic Dart (safe; 11% risk of failure)
Confirm with . or Enter, or press ? or * to list all spells.
Aiming: Magic Dart (safe; 11% risk of failure)
Press: ? - help, Shift-Dir - straight line, f - kobold
Aim: a kobold, wielding a +0 short sword (constricted by you, 100% to hit)
The magic dart hits the kobold.
You kill the kobold!
* * * LOW MAGIC WARNING * * *
HP restored.
You see here a +0 short sword.
Found a stone staircase leading down.
You pick up a book of Chaos and begin reading...
You add the spells Conjure Ball Lightning, Disjunction and Discord to your library.
You open the door.
There is an open door here.
A dart slug comes into view.
The magic dart hits the dart slug but does no damage.
You can't see any susceptible monsters within range! (Use Z to cast anyway.)
A dart slug is nearby!
The magic dart hits the dart slug.
The dart slug is lightly wounded.
You can't see any susceptible monsters within range! (Use Z to cast anyway.)
A dart slug is nearby!
The magic dart hits the dart slug.
The dart slug is moderately wounded.
The magic dart hits the dart slug.
The dart slug is severely wounded.
* * * LOW MAGIC WARNING * * *
The dart slug bites you.
You are out of magic!
You hit the dart slug. You grab the dart slug. You squeeze the dart slug.
You kill the dart slug!
You have reached level 2!
Okay, then.
d - a scroll labelled KOUSUD QISUN A ball python comes into view.
The ball python hisses angrily.
A ball python is nearby!
The magic dart hits the ball python.
You kill the ball python!
You can't see any susceptible monsters within range! (Use Z to cast anyway.)
You now have 34 gold pieces (gained 13).
You open the door.
A ball python comes into view.
Found a sling.
A ball python is nearby!
The magic dart hits the ball python.
The ball python is heavily wounded.
The ball python hisses angrily.
The magic dart hits the ball python.
You kill the ball python!
You can't see any susceptible monsters within range! (Use Z to cast anyway.)
There is an open door here.
You open the door.
There is an open door here.
An endoplasm comes into view.
An endoplasm is nearby!
An endoplasm is nearby!
The magic dart hits the endoplasm.
The endoplasm is moderately wounded.
The endoplasm quivers.
The magic dart hits the endoplasm.
The endoplasm is heavily wounded.
The magic dart hits the endoplasm.
The endoplasm is almost dead.
The endoplasm jiggles.
You miscast Magic Dart.
You are very lightly contaminated with residual magic.
Nothing appears to happen.
An endoplasm is nearby!
An endoplasm is nearby!
The magic dart hits the endoplasm.
You kill the endoplasm!
Your magical contamination has completely faded away.
A kobold comes into view. It is wielding a +0 whip.
A kobold is nearby!
A kobold is nearby!
A kobold is nearby!
The magic dart hits the kobold but does no damage.
The kobold shouts!
The magic dart hits the kobold but does no damage.
The magic dart hits the kobold.
The kobold is moderately wounded.
The magic dart hits the kobold.
The kobold is severely wounded.
The magic dart hits the kobold.
You kill the kobold!
You can't see any susceptible monsters within range! (Use Z to cast anyway.)
A hobgoblin comes into view.
A hobgoblin is nearby!
A hobgoblin is nearby!
The magic dart hits the hobgoblin but does no damage.
The hobgoblin shouts!
You miscast Magic Dart.
You are very lightly contaminated with residual magic.
Nothing appears to happen.
The magic dart hits the hobgoblin.
The hobgoblin is lightly wounded.
The magic dart hits the hobgoblin.
The hobgoblin is moderately wounded.
The magic dart hits the hobgoblin.
The hobgoblin is severely wounded.
The magic dart hits the hobgoblin but does no damage.
The hobgoblin is severely wounded.
* * * LOW MAGIC WARNING * * *
You hit the hobgoblin.
You kill the hobgoblin!
No target in view!
Your magical contamination has completely faded away.
A kobold comes into view. It is wielding a +0 dagger.
A kobold is nearby!
A kobold is nearby!
You are out of magic!
There is an open door here.
You close the door.
You start resting.
Magic restored.
Found a stone staircase leading down.
A goblin comes into view. It is wielding a +0 dagger.
A goblin is nearby!
The magic dart hits the goblin.
The goblin is moderately wounded.
The magic dart hits the goblin.
You kill the goblin!
You can't see any susceptible monsters within range! (Use Z to cast anyway.)
Found 2 stones.
There is a stone staircase leading down here.
Things that are here:
a +0 dagger; a goblin corpse You see here 2 stones.
A quokka comes into view.
The magic dart hits the quokka.
The quokka is moderately wounded.
The magic dart hits the quokka.
The quokka is severely wounded.
The magic dart hits the quokka.
You kill the quokka!
No target in view!
You see here a quokka corpse.
e - a brown potion A hobgoblin comes into view.
You see here a +0 whip.
A hobgoblin is nearby!
The magic dart hits the hobgoblin.
The hobgoblin is moderately wounded.
The hobgoblin shouts!
The magic dart hits the hobgoblin.
The hobgoblin is severely wounded.
The magic dart hits the hobgoblin.
You kill the hobgoblin!
A quokka comes into view.
A quokka is nearby!
A quokka is nearby!
The magic dart hits the quokka.
The quokka is heavily wounded.
The magic dart hits the quokka.
You kill the quokka!
Your Conjurations skill increases to level 2!
You can't see any susceptible monsters within range! (Use Z to cast anyway.)
A kobold is nearby!
You miscast Magic Dart.
You are very lightly contaminated with residual magic.
Nothing appears to happen.
The kobold shouts!
An endoplasm comes into view.
The kobold throws a stone.
The stone barely misses you.
The magic dart hits the kobold.
The kobold is severely wounded.
The magic dart hits the kobold but does no damage.
The kobold is severely wounded.
The magic dart hits the kobold.
You kill the kobold!
You can't see any susceptible monsters within range! (Use Z to cast anyway.)
Your magical contamination has completely faded away.
An endoplasm is nearby!
An endoplasm is nearby!
The magic dart hits the endoplasm.
The endoplasm is heavily wounded.
The endoplasm quivers.
The magic dart hits the endoplasm.
The endoplasm is almost dead.
The magic dart hits the endoplasm.
You kill the endoplasm!
Key pressed, stopping explore.
You open the door.
There is an open door here.
A giant cockroach comes into view.
Found Qied's Antique Weapon Shoppe.
A giant cockroach is nearby!
The magic dart hits the giant cockroach.
The giant cockroach is severely wounded.
The magic dart hits the giant cockroach.
You kill the giant cockroach!
You have reached level 3!
Your experience leads to an increase in your attributes!
Increase (S)trength, (I)ntelligence, or (D)exterity?
You feel clever. x2
There is an entrance to Qied's Antique Weapon Shoppe here.
You can access your shopping list by pressing '$'.
A quokka comes into view.
A quokka is nearby!
A quokka is nearby!
The magic dart hits the quokka.
The quokka is moderately wounded.
You miscast Magic Dart.
You are very lightly contaminated with residual magic.
Nothing appears to happen.
The magic dart hits the quokka but does no damage.
The quokka is lightly wounded.
The magic dart hits the quokka but does no damage.
The quokka is lightly wounded.
The magic dart hits the quokka.
The quokka is almost dead.
You hit the quokka but do no damage. Your grab misses the quokka.
The quokka is almost dead.
The quokka closely misses you. The quokka bites you.
You hit the quokka.
You kill the quokka!
No target in view!
No target in view!
Your magical contamination has completely faded away.
HP restored.
You see here a quokka corpse.
A rat comes into view.
A rat is nearby!
A rat is nearby!
The magic dart hits the rat.
The rat is moderately wounded.
The magic dart hits the rat.
You kill the rat!
Your Stealth skill increases to level 4!
You can't see any susceptible monsters within range! (Use Z to cast anyway.)
You can't see any susceptible monsters within range! (Use Z to cast anyway.)
You now have 47 gold pieces (gained 13).
You open the door. You open the door.
There is an open door here.
There is an open door here.
There is an open door here.
A quokka comes into view.
A quokka is nearby!
A quokka is nearby!
The magic dart hits the quokka.
The quokka is almost dead.
You miscast Magic Dart.
You are very lightly contaminated with residual magic.
Nothing appears to happen.
The magic dart hits the quokka.
You kill the quokka!
You can't see any susceptible monsters within range! (Use Z to cast anyway.)
Your magical contamination has completely faded away.
You open the door.
A dart slug is nearby!
A dart slug is nearby!
A dart slug is nearby!
The magic dart hits the dart slug.
The dart slug is lightly wounded.
The magic dart hits the dart slug.
The dart slug is moderately wounded.
The magic dart hits the dart slug.
The dart slug is severely wounded.
The magic dart hits the dart slug.
The dart slug is almost dead.
The magic dart hits the dart slug.
The dart slug is almost dead.
The dart slug launches a dart at you. The slug dart misses you.
Okay, then.
The magic dart hits the dart slug.
You kill the dart slug!
You can't see any susceptible monsters within range! (Use Z to cast anyway.)
Okay, then.
You see here a dart slug corpse.
Found a short sword.
A frilled lizard comes into view.
A frilled lizard is nearby!
A frilled lizard is nearby!
The magic dart hits the frilled lizard.
You kill the frilled lizard!
You can't see any susceptible monsters within range! (Use Z to cast anyway.)
You can't see any susceptible monsters within range! (Use Z to cast anyway.) As you open the door, it creaks loudly!
A hobgoblin comes into view.
Found a pair of boots.
A hobgoblin is nearby!
The magic dart hits the hobgoblin.
The hobgoblin is moderately wounded.
The hobgoblin shouts!
The magic dart hits the hobgoblin.
The hobgoblin is almost dead.
The hobgoblin barely misses you.
You hit the hobgoblin.
You kill the hobgoblin!
No target in view!
You see here a hobgoblin corpse.
You see here a +0 pair of boots.
As you open the door, it creaks loudly!
There is an open door here.
There is an open door here.
You see here a +0 pair of boots.
You see here a hobgoblin corpse.
Done exploring.
Done exploring.
Done exploring.
Done exploring.
(D) Dungeon
Where to? (? - help)
You see here a +0 whip.
There is a stone staircase leading down here.
You climb downwards.
Found a spear.
There is a stone staircase leading up here.
A ball python is nearby!
The magic dart hits the ball python.
The ball python is moderately wounded.
The ball python hisses angrily.
The magic dart hits the ball python.
You kill the ball python!
You can't see any susceptible monsters within range! (Use Z to cast anyway.) Memorise Blink, consuming 2 spell levels and leaving 5?
You start memorising the spell.
You continue memorising. x2
You finish memorising.
Spell assigned to 'b'.
Okay, then.
A worm comes into view.
A worm is nearby!
A worm is nearby!
The magic dart hits the worm.
The worm is lightly wounded.
The magic dart hits the worm.
The worm is moderately wounded.
The magic dart hits the worm.
The worm is moderately wounded.
The magic dart hits the worm.
The worm is moderately wounded.
The magic dart hits the worm.
The worm is severely wounded.
The magic dart hits the worm but does no damage.
The worm is severely wounded.
The magic dart hits the worm.
The worm is severely wounded.
* * * LOW MAGIC WARNING * * *
You hit the worm. You grab the worm. You squeeze the worm.
You kill the worm!
No target in view!
No target in view!
Magic restored.
Found an escape hatch in the ceiling.
There is an escape hatch in the ceiling here.
f - a scroll labelled EVVYMI OCWUID ESH A hobgoblin comes into view.
You miscast Magic Dart.
You are very lightly contaminated with residual magic.
Nothing appears to happen.
The magic dart hits the hobgoblin.
The hobgoblin is heavily wounded.
The hobgoblin shouts!
The magic dart hits the hobgoblin but does no damage.
The hobgoblin is heavily wounded.
A rat comes into view.
There are monsters nearby!
There are monsters nearby!
There are monsters nearby!
The magic dart hits the hobgoblin.
You kill the hobgoblin!
A bat comes into view.
The magic dart hits the rat.
You kill the rat!
The magic dart hits the bat but does no damage.
You closely miss the bat. Your grab misses the bat. The bat hits you.
Your magical contamination has completely faded away.
The bat hits you but does no damage. x2
You hit the bat.
You kill the bat!
No target in view!
No target in view!
HP restored.
You see here a bat corpse.
You see here a hobgoblin corpse.
A rat comes into view.
The rat moves out of view.
A rat is nearby!
A rat is nearby!
A rat is nearby!
A rat is nearby!
A rat is nearby!
A rat is nearby!
The rat bites you.
You hit the rat but do no damage. Your grab misses the rat.
The rat barely misses you.
You barely miss the rat. Your grab misses the rat. The rat closely misses you.
You hit the rat.
You kill the rat!
No target in view!
No target in view!
No target in view!
No target in view!
Found a club.
A bat comes into view.
A bat is nearby!
A bat is nearby!
A bat is nearby!
Found a faded altar of an unknown god.
The helpless bat fails to defend itself.
You puncture the bat!
You kill the bat!
No target in view!
A quokka comes into view.
Found 10 gold pieces.
You see here a scroll labelled KOUSUD QISUN.
A quokka is nearby!
A quokka is nearby!
The magic dart hits the quokka.
The quokka is lightly wounded.
The magic dart hits the quokka.
You kill the quokka!
You can't see any susceptible monsters within range! (Use Z to cast anyway.)
You can't see any susceptible monsters within range! (Use Z to cast anyway.)
d - 2 scrolls labelled KOUSUD QISUN (gained 1)
A rat comes into view.
You see here 10 gold pieces.
A rat is nearby!
The magic dart hits the rat.
The rat is moderately wounded.
The magic dart hits the rat but does no damage.
The rat is moderately wounded.
The magic dart hits the rat.
You kill the rat!
You now have 57 gold pieces (gained 10).
Found a falchion.
No target in view!
You see here a rat corpse.
Found a glowing golden altar of the Shining One.
You see here a bat corpse.
A ball python comes into view.
A ball python is nearby!
The helpless ball python fails to defend itself.
You puncture the ball python!
You kill the ball python!
No target in view!
You see here a ball python corpse.
A kobold comes into view. It is wielding a +0 club.
A kobold is nearby!
A kobold is nearby!
You miscast Magic Dart.
You are very lightly contaminated with residual magic.
Nothing appears to happen.
You miscast Magic Dart.
Nothing appears to happen.
The magic dart hits the kobold.
The kobold is moderately wounded.
The kobold throws a stone.
The stone closely misses you.
The magic dart hits the kobold but does no damage.
The kobold is moderately wounded.
The kobold throws a stone.
The stone hits you.
The kobold throws a stone.
The stone misses you.
You hit the kobold. You grab the kobold. You squeeze the kobold.
You kill the kobold!
No target in view!
No target in view!
Okay, then.
Your magical contamination has completely faded away.
Key pressed, stopping explore.
Things that are here:
a +0 club; 2 stones You see here a +2 cloak.
You see here a +2 cloak.
A goblin comes into view. It is wielding a +1 dagger of flaming.
The magic dart hits the goblin.
You kill the goblin!
You can't see any susceptible monsters within range! (Use Z to cast anyway.)
You can't see any susceptible monsters within range! (Use Z to cast anyway.)
Things that are here:
a +1 dagger of flaming; a goblin corpse
g - a +1 dagger of flaming Your +1 dagger of flaming bursts into flame!
g - a +1 dagger of flaming (weapon)
You drop a +0 dagger.
Adjust (i)tems, (s)pells, or (a)bilities?
Huh?
Sorry, you're not good enough to have a special ability.
Unknown command.
c - 2 potions of magic (gained 1)
a - a coppery potion A giant cockroach comes into view.
Adjust (i)tems, (s)pells, or (a)bilities?
g - a +1 dagger of flaming (weapon)
Adjust to which letter? (? for menu, Esc to quit)
a - a +1 dagger of flaming (weapon);
g - a coppery potion The helpless giant cockroach fails to defend itself.
You puncture the giant cockroach! You burn the giant cockroach.
You kill the giant cockroach!
No target in view!
A quokka comes into view.
A quokka is nearby!
A quokka is nearby!
The magic dart hits the quokka.
The quokka is heavily wounded.
The magic dart hits the quokka.
The quokka is almost dead.
The magic dart hits the quokka but does no damage.
The quokka is severely wounded.
The magic dart hits the quokka.
You kill the quokka!
Found an escape hatch in the floor.
You now have 62 gold pieces (gained 5).
h - a scroll labelled LUCROJ VIURET A bat comes into view.
There is an escape hatch in the floor here.
A bat is nearby!
The magic dart hits the bat.
You kill the bat!
You can't see any susceptible monsters within range! (Use Z to cast anyway.)
You can't see any susceptible monsters within range! (Use Z to cast anyway.)
Found a stone staircase leading up.
There is a stone staircase leading up here.
A giant cockroach comes into view.
A giant cockroach is nearby!
The helpless giant cockroach fails to defend itself.
You puncture the giant cockroach! You burn the giant cockroach.
You kill the giant cockroach!
You see here a giant cockroach corpse.
i - a smoky yellow potion An adder comes into view.
An adder is nearby!
An adder is nearby!
The magic dart hits the adder.
The adder is lightly wounded.
The adder hisses angrily.
The magic dart hits the adder.
The adder is moderately wounded.
The magic dart hits the adder.
The adder is severely wounded.
The magic dart hits the adder.
You kill the adder!
You have reached level 4!
Found a stone staircase leading down.
Found a stone staircase leading up.
Found 3 stones.
There is a stone staircase leading up here.
Found a stone staircase leading down.
A giant cockroach comes into view.
A giant cockroach is nearby!
A giant cockroach is nearby!
The giant cockroach misses you.
You hit the giant cockroach but do no damage.
Your grab misses the giant cockroach.
The giant cockroach bites you but does no damage.
You hit the giant cockroach. You burn the giant cockroach.
You kill the giant cockroach!
A goblin comes into view. It is wielding a +0 dagger.
The goblin shouts!
A goblin is nearby!
A goblin is nearby!
A goblin is nearby!
You aren't carrying any pieces of jewellery.
A goblin is nearby!
You miss the goblin. Your grab misses the goblin.
The goblin hits you with a +0 dagger.
You barely miss the goblin. You grab the goblin. You constrict the goblin.
The goblin closely misses you.
A goblin is nearby!
A goblin is nearby!
You completely miss the goblin.
The goblin is heavily wounded.
You constrict the goblin.
You kill the goblin!
No target in view!
Things that are here:
a +0 dagger; a goblin corpse
Found a leather armour.
Found a stone staircase leading down.
You see here a +0 leather armour.
Done exploring.
Done exploring.
Done exploring.
Done exploring.
(D) Dungeon
Where to? (Enter - D:2, ? - help)
There is a stone staircase leading down here.
You climb downwards.
There is a stone staircase leading up here.
Unknown command.
Found a dagger.
Found a stone staircase leading up.
Found a leather armour.
j - a sapphire potion
Found a stone staircase leading down.
e - 2 brown potions (gained 1)
You now have 66 gold pieces (gained 4).
k - an amulet of reflection A rat comes into view.
You see here a scroll labelled QAZUULL ELEYGI.
The magic dart hits the rat.
The rat is heavily wounded.
The magic dart hits the rat.
You kill the rat!
You can't see any susceptible monsters within range! (Use Z to cast anyway.)
You can't see any susceptible monsters within range! (Use Z to cast anyway.) Magic restored.
l - a scroll labelled QAZUULL ELEYGI You now have 71 gold pieces (gained 5).
Found 5 boomerangs.
Found 3 poisoned darts.
A rat comes into view.
A rat is nearby!
A rat is nearby!
Found 16 gold pieces.
The rat bites you but does no damage.
You hit the rat. You burn the rat.
You kill the rat!
No target in view!
You see here a rat corpse.
You now have 87 gold pieces (gained 16).
m - a purple potion A quokka comes into view.
A quokka is nearby!
A quokka is nearby!
The quokka bites you.
You closely miss the quokka. You grab the quokka. You squeeze the quokka.
The quokka is moderately wounded.
You constrict the quokka. The quokka barely misses you.
You hit the quokka. You burn the quokka.
You kill the quokka!
No target in view!
HP restored.
An endoplasm comes into view.
An endoplasm is nearby!
An endoplasm is nearby!
The endoplasm quivers.
You hit the endoplasm. You burn the endoplasm.
The endoplasm is heavily wounded.
The endoplasm misses you.
You hit the endoplasm. You burn the endoplasm.
The endoplasm is almost dead.
The endoplasm freezes you.
You are frozen.
An endoplasm is nearby!
An endoplasm is nearby!
You hit the endoplasm. You burn the endoplasm.
You kill the endoplasm!
No target in view!
An endoplasm comes into view.
An endoplasm is nearby!
An endoplasm is nearby!
An endoplasm comes into view.
The helpless endoplasm fails to defend itself.
You puncture the endoplasm! You burn the endoplasm.
You kill the endoplasm!
A worm comes into view.
The helpless worm fails to defend itself.
You puncture the worm! You burn the worm. Your grab misses the worm.
You squeeze the worm.
You kill the worm!
No target in view!
No target in view!
No target in view!
You see here a worm corpse.
An endoplasm is nearby!
The helpless endoplasm fails to defend itself.
You puncture the endoplasm! You burn the endoplasm.
You kill the endoplasm!
No target in view!
Found a stone staircase leading up.
Found a stone staircase leading down.
There is a stone staircase leading down here.
f - 2 scrolls labelled EVVYMI OCWUID ESH (gained 1)
Found a trident.
A dart slug comes into view.
A dart slug is nearby!
A dart slug is nearby!
Found an escape hatch in the ceiling.
A kobold comes into view. It is wielding a +0 whip.
The helpless kobold fails to defend itself.
You puncture the kobold! You burn the kobold.
You kill the kobold!
A kobold comes into view. It is wielding a +0 short sword.
There is an escape hatch in the ceiling here.
The helpless dart slug fails to defend itself.
You puncture the dart slug! You burn the dart slug.
You kill the dart slug!
The kobold shouts!
The kobold throws a stone.
The stone barely misses you.
The kobold throws a stone.
The stone hits you.
The kobold hits you with a +0 short sword.
You hit the kobold but do no damage. You grab the kobold.
You squeeze the kobold.
The kobold is moderately wounded.
You constrict the kobold.
You kill the kobold!
No target in view!
No target in view!
Things that are here:
a +0 short sword; 4 stones; a kobold corpse
Found a runed translucent gate.
You now have 96 gold pieces (gained 9).
Found 5 stones.
You see here a +2 ring mail of positive energy.
Found a stone staircase leading down.
You see here 5 stones.
A kobold comes into view. It is wielding a +0 dagger.
A kobold is nearby!
A kobold is nearby!
A kobold is nearby!
The helpless kobold fails to defend itself.
You puncture the kobold! You burn the kobold.
You kill the kobold!
No target in view!
You see here a +0 dagger.
You see here a +0 dagger.
A hobgoblin comes into view.
The hobgoblin shouts!
The hobgoblin moves out of view.
A hobgoblin is nearby!
A hobgoblin is nearby!
A hobgoblin is nearby!
You hit the hobgoblin but do no damage. You grab the hobgoblin.
You constrict the hobgoblin. The hobgoblin closely misses you.
You hit the hobgoblin. You burn the hobgoblin.
The hobgoblin is severely wounded.
You constrict the hobgoblin, but do no damage.
The hobgoblin barely misses you.
A hobgoblin is nearby!
A hobgoblin is nearby!
You hit the hobgoblin. You burn the hobgoblin.
You kill the hobgoblin!
You see here a hobgoblin corpse.
An endoplasm comes into view.
The endoplasm quivers.
An endoplasm is nearby!
An endoplasm is nearby!
An endoplasm comes into view.
Found a scroll labelled KOUSUD QISUN.
The endoplasm quivers.
You hit the endoplasm. You burn the endoplasm. You squeeze the endoplasm.
You kill the endoplasm!
Your Conjurations skill increases to level 3!
You hit the endoplasm. You burn the endoplasm.
You kill the endoplasm!
No target in view!
No target in view!
d - 3 scrolls labelled KOUSUD QISUN (gained 1)
Found a ring mail.
Found a radiant altar of Vehumet.
Found an escape hatch in the floor.
You now have 107 gold pieces (gained 11).
You now have 118 gold pieces (gained 11).
A ball python comes into view.
Found 17 gold pieces.
Found 5 stones.
You see here 17 gold pieces.
The helpless ball python fails to defend itself.
You puncture the ball python! You burn the ball python.
You kill the ball python!
Your Stealth skill increases to level 5!
No target in view!
You now have 135 gold pieces (gained 17).
You see here a ball python corpse.
You see here 5 stones.
You see here 5 stones.
An orc comes into view. It is wielding a +0 flail.
Found a short sword.
An orc is nearby!
An orc is nearby!
A rat comes into view.
The orc barely misses you.
You hit the orc. You burn the orc. Your grab misses the orc.
You squeeze the orc, but do no damage.
The orc is moderately wounded.
The orc misses you.
You completely miss the orc. Your grab misses the orc. You squeeze the orc.
The orc is severely wounded.
The orc barely misses you.
You closely miss the orc. Your grab misses the orc.
Your squeeze misses the orc.
The orc is severely wounded.
The orc hits you with a +0 flail.
You hit the orc but do no damage. You grab the orc.
The orc is severely wounded.
You constrict the orc, but do no damage.
The orc barely misses you.
You hit the orc but do no damage.
The orc is severely wounded.
You constrict the orc. The orc barely misses you.
You hit the orc but do no damage. You squeeze the orc.
You kill the orc!
A rat is nearby!
A rat is nearby!
The helpless rat fails to defend itself.
You puncture the rat! You burn the rat.
You kill the rat!
No target in view!
You open the door.
A scorpion, a bat and an endoplasm come into view.
There are monsters nearby!
There are monsters nearby!
You close the door.
A rat comes into view.
The helpless rat fails to defend itself.
You puncture the rat! You burn the rat.
You kill the rat!
You open the door.
A frilled lizard, a goblin and an adder come into view.
Found 17 gold pieces, a dagger and a garnet ring.
Casting: Magic Dart (safe; 4% risk of failure)
Confirm with . or Enter, or press ? or * to list all spells.
Aiming: Magic Dart (safe; 4% risk of failure)
Press: ? - help, Shift-Dir - straight line, f - adder
Aim: an adder (asleep, 100% to hit)
The magic dart hits the adder.
The adder is heavily wounded.
The frilled lizard hisses angrily.
The frilled lizard unfolds its giant frill.
You hear an angry hiss.
Casting: Magic Dart (safe; 4% risk of failure)
Confirm with . or Enter, or press ? or * to list all spells.
Aiming: Magic Dart (safe; 4% risk of failure)
Press: ? - help, Shift-Dir - straight line, f/p - adder
Aim: an adder (heavily wounded, wandering, hasn't noticed you, 100% to hit)
You miscast Magic Dart.
You are very lightly contaminated with residual magic.
Nothing appears to happen.
The adder hisses angrily.
Casting: Magic Dart (safe; 4% risk of failure)
Confirm with . or Enter, or press ? or * to list all spells.
Aiming: Magic Dart (safe; 4% risk of failure)
Press: ? - help, Shift-Dir - straight line, f/p - adder
Aim: an adder (heavily wounded, 100% to hit)
The magic dart hits the adder.
The adder is almost dead.
An adder comes into view.
Casting: Magic Dart (safe; 4% risk of failure)
Confirm with . or Enter, or press ? or * to list all spells.
Aiming: Magic Dart (safe; 4% risk of failure)
Press: ? - help, Shift-Dir - straight line, f/p - adder
Aim: an adder (almost dead, 100% to hit)
The magic dart hits the adder.
You kill the adder!
Casting: Magic Dart (safe; 4% risk of failure)
Confirm with . or Enter, or press ? or * to list all spells.
Aiming: Magic Dart (safe; 4% risk of failure)
Press: ? - help, Shift-Dir - straight line, f - adder
Aim: an adder (100% to hit)
The magic dart hits the adder.
The adder is moderately wounded.
Casting: Magic Dart (safe; 4% risk of failure)
Confirm with . or Enter, or press ? or * to list all spells.
Aiming: Magic Dart (safe; 4% risk of failure)
Press: ? - help, Shift-Dir - straight line, f/p - adder
Aim: an adder (moderately wounded, 100% to hit)
The magic dart hits the adder.
The adder is severely wounded.
Casting: Magic Dart (safe; 4% risk of failure)
Confirm with . or Enter, or press ? or * to list all spells.
Aiming: Magic Dart (safe; 4% risk of failure)
Press: ? - help, Shift-Dir - straight line, f/p - adder
Aim: an adder (severely wounded, 100% to hit)
The magic dart hits the adder.
You kill the adder!
The frilled lizard hisses angrily.
Casting: Magic Dart (safe; 4% risk of failure)
Confirm with . or Enter, or press ? or * to list all spells.
You don't know that spell.
Your magical contamination has completely faded away.
The goblin shouts!
You see here an adder corpse.
You hit the frilled lizard. You burn the frilled lizard.
You kill the frilled lizard!
The goblin misses you.
You see here an adder corpse.
You hit the goblin. You burn the goblin. Your grab misses the goblin.
The goblin is severely wounded.
The goblin hits you but does no damage.
You hit the goblin. You burn the goblin.
You kill the goblin!
The scorpion stings you.
You are poisoned.
The scorpion poisons you!
Things that are here:
a +0 club; a goblin corpse You closely miss the scorpion.
Your grab misses the scorpion.
You squeeze the scorpion, but do no damage.
You feel very sick. The scorpion stings you!
Okay, then.
Okay, then.
Unknown command.
Casting: Magic Dart (safe; 4% risk of failure)
Confirm with . or Enter, or press ? or * to list all spells.
You blink.
* * * LOW MAGIC WARNING * * *;
* * * LOW HITPOINT WARNING * * *
You feel very sick.
Casting: Blink (safe; 16% risk of failure)
Confirm with . or Enter, or press ? or * to list all spells.
You don't have enough magic to cast this spell.
Okay, then.
It was a potion of haste.
You feel yourself speed up.
You feel sick. The scorpion stings you.
* * * LOW HITPOINT WARNING * * *
The scorpion stings you.
You die...

########## ##########
=)#...#..b#.†.......
$.l..'.s.+....##..#
#...#..J#.##..)..#
#####J######.....##..
#....†.§††...........
####@s#####.#..######
##..........#
##########.####
#....# ####.# #.# #.#
#.# #.#


You could see a scorpion and an endoplasm.

Vanquished Creatures
  3 adders
  2 worms
  3 dart slugs
  An orc (D:3)
  5 ball pythons
  8 endoplasms
  4 giant cockroaches
  6 hobgoblins
  9 quokkas
  3 bats (D:2)
  2 frilled lizards
  4 goblins
  7 kobolds
  8 rats
65 creatures vanquished.

Vanquished Creatures (others)
  A fungus (D:3)
1 creature vanquished.

Grand Total: 66 creatures vanquished

Notes
Turn   | Place    | Note
-------+----------+-------------------------------------------
     0 | D:1      | sleeves the Octopode Hedge Wizard began the quest for the
                  | Orb.
     0 | D:1      | Reached XP level 1. HP: 11/11 MP: 4/4
   310 | D:1      | Reached skill level 3 in Stealth
   544 | D:1      | Reached XP level 2. HP: 15/17 MP: 1/6
  1002 | D:1      | Reached skill level 2 in Conjurations
  1260 | D:1      | Found Qied's Antique Weapon Shoppe.
  1263 | D:1      | Reached XP level 3. HP: 21/21 MP: 4/7
  1372 | D:1      | Reached skill level 4 in Stealth
  1871 | D:2      | Learned a level 2 spell: Blink
  2091 | D:2      | Found a faded altar of an unknown god.
  2169 | D:2      | Found a glowing golden altar of the Shining One.
  2482 | D:2      | Reached XP level 4. HP: 27/27 MP: 3/8
  2931 | D:3      | Noticed turdburglar's ghost (amateur DjIE)
  3211 | D:3      | Found a runed translucent gate.
  3211 | D:3      | Found a runed translucent gate.
  3211 | D:3      | Found a runed translucent gate.
  3324 | D:3      | Reached skill level 3 in Conjurations
  3345 | D:3      | Found a radiant altar of Vehumet.
  3495 | D:3      | Reached skill level 5 in Stealth
  3569 | D:3      | Noticed a scorpion
  3602 | D:3      | HP: 11/27 [poisoned by a scorpion]
  3603 | D:3      | HP: 4/27 [scorpion (5)]
  3603 | D:3      | Slain by a scorpion

Illustrated notes

Levels and vault maps discovered:
D:1:      nicolae_arrival_somewhat_less_tricky_arrival, layout_basic,
          serial_shops, nicolae_square_shop, minmay_misc_feat_tiny,
          minmay_misc_feat_plants, chequers_arboretum,
          chequers_serial_rivers_small_3, columned_hall_lemuel
D:2:      layout_loops_ring, hellmonk_ecumenical_altar_lost_god, basic_altar,
          minmay_misc_feat_diagonals
D:3:      minmay_thinvault, layout_loops_ring, lemuel_round_altar,
          gammafunk_ghost_icy, dreamdust_mushroom_princess

Skill      XL: |  1  2  3  4 |
---------------+-------------+-----
Stealth        | 3 4 5 |  5.2
Conjurations   | 2 3 |  3.2
Dodging        | |  2.0
Spellcasting   | |  3.0
Summonings     | |  1.0
Translocations | |  1.0

Action                   |  1- 3 |  4- 6 || total
-------------------------+-------+-------++-------
Melee: Dagger            |    20 |    36 ||    56
       Constrict         |     6 |     5 ||    11
       Tentacles         |     4 |     8 ||    12
 Cast: Magic Dart        |    99 |     8 ||   107
       Blink             |       |     1 ||     1
  Use: Potion            |       |     1 ||     1
 Stab: Sleeping          |     4 |     9 ||    13
Armor: Skin              |     2 |     3 ||     5
Dodge: Dodged            |    11 |    13 ||    24
